2695 views
Uploaded 2020-12-12 17:50:29
Game version 1.32.9
18:44 long 1on1 ladder game on (2)TerenasStand_LV
Saved by xzz
2695 views
Uploaded 2020-12-12 17:50:29
Game version 1.32.9
18:44 long 1on1 ladder game on (2)TerenasStand_LV

24 units @ 2.7k
/ 0.1k
19 buildings @ 3.2k
/ 0.8k

| Scroll of Healing | 1 | 250 |
| Boots of Speed | 1 | 250 |
| Potion of Lesser Invulnerability | 1 | 150 |
| Scroll of Protection | 1 | 150 |
| total: | 4 | 800g |
| Acolyte | 7 | 525 | / | 0 |
| Ghoul | 14 | 1680 | / | 0 |
| Gargoyle | 3 | 525 | / | 90 |
| total: | 24 | 2730g | / | 90w |
| Nerubian Tower | 2 | 200 | / | 40 |
| Spirit Tower | 1 | 145 | / | 40 |
| Altar of Darkness | 1 | 180 | / | 50 |
| Crypt | 4 | 800 | / | 200 |
| Ziggurat | 9 | 1350 | / | 450 |
| Graveyard | 2 | 430 | / | 0 |
| Necropolis | 1 | 225 | / | 0 |
| Tomb of Relics | 2 | 260 | / | 60 |
| Halls of the Dead | 2 | 640 | / | 420 |
| Black Citadel | 1 | 325 | / | 230 |
| total: | 19 | 3245g | / | 760w |
| 0:05 | Acolyte |
| 0:05 | Acolyte |
| 0:10 | Altar of Darkness |
| 0:12 | Crypt |
| 0:34 | Ziggurat |
| 1:00 | Crypt |
| 1:16 | Ghoul |
| 1:33 | Ziggurat |
| 1:37 | Ziggurat |
| 1:41 | Ghoul |
| 1:54 | Ghoul |
| 2:06 | Ghoul |
| 2:26 | Ziggurat |
| 2:31 | Ghoul |
| 2:46 | Ghoul |
| 2:53 | Ghoul |
| 3:15 | Ghoul |
| 3:20 | Ziggurat |
| 3:31 | Cannibalize |
| 3:42 | Ghoul |
| 3:59 | Unholy Aura |
| 4:29 | Ghoul |
| 4:53 | Death Coil |
| 5:14 | Ghoul |
| 5:14 | Ghoul |
| 5:36 | Ghoul |
| 5:43 | Crypt |
| 6:51 | Ghoul |
| 8:32 | Graveyard |
| 8:55 | Halls of the Dead |
| 9:17 | Graveyard |
| 9:22 | Crypt |
| 10:24 | Unholy Aura |
| 10:48 | Unholy Strength |
| 10:51 | Unholy Armor |
| 11:01 | Necropolis |
| 11:20 | Tomb of Relics |
| 11:22 | Tomb of Relics |
| 11:48 | Boots of Speed |
| 11:49 | Potion of Lesser Invulnerability |
| 11:50 | Scroll of Protection |
| 11:51 | Scroll of Healing |
| 12:28 | Improved Unholy Strength |
| 12:39 | Black Citadel |
| 12:47 | Acolyte |
| 13:25 | Death Coil |
| 13:55 | Ziggurat |
| 13:55 | Ziggurat |
| 13:57 | Ziggurat |
| 13:59 | Ziggurat |
| 14:32 | Improved Unholy Armor |
| 14:37 | Acolyte |
| 14:37 | Acolyte |
| 14:37 | Acolyte |
| 14:38 | Acolyte |
| 14:42 | Gargoyle |
| 15:00 | Ghoul Frenzy |
| 15:22 | Advanced Unholy Strength |
| 15:43 | Gargoyle |
| 16:31 | Stone Form |
| 16:33 | Advanced Unholy Armor |
| 17:25 | Unholy Aura |
| 17:44 | Gargoyle |
| 17:55 | Nerubian Tower |
| 17:57 | Nerubian Tower |
| 17:58 | Spirit Tower |
| 18:00 | Halls of the Dead |
| Right click | 406 |
| Select | 262 |
| Select group | 83 |
| Build/train/purchase | 65 |
| Chat | 54 |
| Assign group | 18 |
| Use ability | 13 |
| Misc. action | 12 |
| Item give/drop | 5 |
| Esc | 1 |
11 units @ 0.8k
/ 0k
6 buildings @ 1k
/ 0.2k


| Healing Salve | 1 | 100 |
| Lesser Clarity Potion | 1 | 70 |
| Scroll of Speed | 1 | 50 |
| total: | 3 | 220g |
| Peon | 11 | 825 | / | 0 |
| total: | 11 | 825g | / | 0w |
| Altar of Storms | 1 | 180 | / | 50 |
| Orc Burrow | 2 | 320 | / | 80 |
| Barracks | 1 | 180 | / | 50 |
| Voodoo Lounge | 1 | 130 | / | 30 |
| War Mill | 1 | 205 | / | 0 |
| Stronghold | 1 | 315 | / | 190 |
| total: | 6 | 1015g | / | 210w |
| 0:01 | Peon |
| 0:07 | Altar of Storms |
| 0:12 | Peon |
| 0:15 | Peon |
| 0:19 | Orc Burrow |
| 0:30 | Peon |
| 0:45 | Peon |
| 1:05 | Barracks |
| 1:09 | Voodoo Lounge |
| 1:23 | Peon |
| 1:23 | Peon |
| 1:23 | Peon |
| 1:24 | Peon |
| 2:05 | War Mill |
| 2:14 | Wind Walk |
| 2:35 | Stronghold |
| 2:54 | Orc Burrow |
| 3:02 | Healing Salve |
| 3:04 | Lesser Clarity Potion |
| 3:05 | Scroll of Speed |
| 4:33 | Critical Strike |
| 6:17 | Hex |
| 6:36 | Peon |
| 6:37 | Peon |
| Right click | 253 |
| Chat | 70 |
| Select group | 57 |
| Assign group | 51 |
| Select | 45 |
| Build/train/purchase | 30 |
| Use ability | 9 |
| Misc. action | 5 |
| Item give/drop | 1 |
| Remove unit | 1 |
| Esc | 1 |